 Dungeon Crawl Stone Soup version 0.24-a0-365-ga4d96b6e6e (webtiles) character file.

Game seed: 5183663207026558247

1055 theanonym the Insei (level 8, 0/57 HPs)
             Began as an Octopode Transmuter on May 27, 2019.
             Was a Follower of Cheibriados.
             Shot with an arrow by a centaur (3 damage)
             ... on level 6 of the Dungeon.
             The game lasted 00:08:18 (6572 turns).

theanonym the Insei (Octopode Transmuter)           Turns: 6572, Time: 00:08:19

Health: 0/57       AC:  6    Str: 11    XL:     8   Next: 26%
Magic:  8/12       EV: 10    Int: 19    God:    Cheibriados [*.....]
Gold:   245        SH:  0    Dex: 15    Spells: 8/13 levels left

rFire    x . .     SeeInvis +     - Unarmed
rCold    + + +     Gourm    +   (shield currently unavailable)
rNeg     . . .     Faith    .   (helmet currently unavailable)
rPois    +         Spirit   .   j - amulet of the gourmand
rElec    .         Reflect  .   f - ring of protection from magic
rCorr    .         Harm     .   k - ring of flight
MR       +....                  i - ring of see invisible
Stlth    +++.......             l - ring of wizardry
HPRegen  0.19/turn              q - ring of stealth
MPRegen  0.13/turn              (no ring)
                                (no ring)
                                (no ring)

@: ice-form, very slow
A: large, almost no armour, stealthy swim, amphibious, 8 rings, (constrict 8)
a: End Transformation, Bend Time, Renounce Religion, Evoke Flight


Innate Abilities, Weirdness & Mutations

You cannot wear most types of armour.
You are very stealthy in the water. (Stealth+)
You are amphibious.
You can wear up to eight rings at the same time.
((You can use your tentacles to constrict eight enemies at once.))
((Your skin changes colour to match your surroundings (Stealth+).))
((Your rubbery body absorbs attacks. (AC +1, EV +1)))


   Skills:
 + Level 1.2 Fighting
 - Level 2.0 Dodging
 - Level 1.2 Stealth
 * Level 6.4 Unarmed Combat
 - Level 3.0 Spellcasting
 + Level 4.9 Transmutations
 + Level 4.9 Ice Magic


You had 8 spell levels left.
You knew the following spells:

 Your Spells              Type           Power        Failure   Level  Hunger
a - Beastly Appendage     Tmut           ###...       1%          1    None
b - Ice Form              Ice/Tmut       ###.....     9%          4    ####...

Your spell library contained the following spells:

 Spells                   Type           Power        Failure   Level  Hunger
 Sticks to Snakes         Tmut           ###.....     1%          2    ##.....
 Spider Form              Tmut/Pois      ##........   7%          3    ###....
 Blade Hands              Tmut           ###.......   22%         5    ######.

Skill      XL: |  1  2  3  4  5  6  7  8 |
---------------+-------------------------+-----
Stealth        | 1 |  1.2
Unarmed Combat | 4 5 6 |  6.4
Transmutations | 3 4 |  4.9
Ice Magic      | 1 2 3 4 |  4.9
Spellcasting   | 3 |  3.0
Fighting       | |  1.2
Dodging        | |  2.0

Action                   |  1- 3 |  4- 6 |  7- 9 || total
-------------------------+-------+-------+-------++-------
Melee: Unarmed           |    95 |   158 |    67 ||   320
       Constrict         |    23 |    41 |     5 ||    69
       Tentacles         |     8 |    27 |     5 ||    40
       Punch             |     3 |     4 |     1 ||     8
       Kick              |     4 |    17 |       ||    21
 Cast: Beastly Appendage |     1 |    10 |       ||    11
       Ice Form          |       |     4 |     6 ||    10
  Use: Scroll            |       |     9 |       ||     9
       Potion            |       |       |     1 ||     1
 Stab: Sleeping          |     3 |    12 |     2 ||    17
       Distracted        |       |     1 |       ||     1
  Eat: Chunk             |     1 |    11 |    19 ||    31
       Ration            |       |     1 |       ||     1
Armor: Skin              |    18 |     9 |    22 ||    49
Dodge: Dodged            |    70 |    93 |    37 ||   200

Inventory:

Missiles
 a - 57 arrows
Armour
 c - a +0 shield
 d - a +0 buckler
Jewellery
 f - a ring of protection from magic (left front paw)
 i - a ring of see invisible (on tentacle)
 j - an amulet of the gourmand (around neck)
 k - a ring of flight (right front paw)
 l - a ring of wizardry (on tentacle)
 q - a ring of stealth (on tentacle)
Wands
 m - a wand of disintegration (13)
Scrolls
 g - a scroll of teleportation {unknown}
 n - 5 scrolls of remove curse
 B - a scroll of blinking
Potions
 b - a potion of cancellation {unknown}
 h - a potion of mutation
 o - a potion of flight {unknown}
 p - 3 potions of brilliance
 w - 2 potions of curing
Comestibles
 e - 16 rations
 r - 2 chunks of flesh


You were on level 6 of the Dungeon.
You worshipped Cheibriados.
Cheibriados was aware of your devotion.
You were completely stuffed.
You were a creature of crystalline ice.
You visited 2 branches of the dungeon, and saw 7 of its levels.

You collected 245 gold pieces.

Dungeon Overview and Level Annotations

Branches:
Dungeon (6/15)             Temple (1/1) D:4

Altars:
Ashenzari
Cheibriados
Dithmenos
Elyvilon
Fedhas
Gozag
Kikubaaqudgha
Makhleb
Nemelex Xobeh
Okawaru
Qazlal
Ru
Sif Muna
Trog
Uskayaw
Vehumet
Wu Jian
Xom
Yredelemnul
Zin
The Shining One

#≈.≈..# ............#
#≈.≈..###########
######≈.≈..#..........
......≈≈≈..#..........
...........#.........
...........#.........
######......(..#'#######
#.#######.......... #.#
#.(Y....... #.#
#.....c.... #.#
#.......... #.#
#.......... #.
###########


You could see a centaur.

Notes
Turn   | Place    | Note
-------+----------+-------------------------------------------
     0 | D:1      | theanonym the Octopode Transmuter began the quest for the
                  | Orb.
     0 | D:1      | Reached XP level 1. HP: 13/13 MP: 3/3
   172 | D:1      | Reached XP level 2. HP: 13/18 MP: 5/5
   970 | D:1      | Reached XP level 3. HP: 19/23 MP: 6/6
  1263 | D:2      | Reached skill level 1 in Stealth
  1270 | D:2      | Reached XP level 4. HP: 20/28 MP: 7/7
  1354 | D:2      | Learned a level 4 spell: Ice Form
  1362 | D:2      | Reached skill level 4 in Unarmed Combat
  1722 | D:2      | Found a shimmering altar of Xom.
  1722 | D:2      | Found a shadowy altar of Dithmenos.
  1723 | D:2      | Found a deep blue altar of Sif Muna.
  2090 | D:2      | HP: 14/28 [poisoned by an adder]
  2098 | D:2      | HP: 13/28 [poisoned by an adder]
  2651 | D:3      | Reached skill level 3 in Transmutations
  2651 | D:3      | Reached skill level 1 in Ice Magic
  2651 | D:3      | Reached XP level 5. HP: 33/33 MP: 6/8
  3222 | D:3      | HP: 12/33 [gnoll/+0 spear (11)]
  3725 | D:3      | HP: 16/33 [poisoned by an adder]
  3730 | D:3      | HP: 15/33 [poisoned by an adder]
  3737 | D:3      | HP: 13/33 [poisoned by an adder]
  3745 | D:3      | HP: 12/33 [poisoned by an adder]
  4081 | D:4      | Reached skill level 5 in Unarmed Combat
  4081 | D:4      | Reached skill level 2 in Ice Magic
  4081 | D:4      | Reached XP level 6. HP: 38/38 MP: 7/9
  4301 | D:4      | Found a shadowy altar of Dithmenos.
  4357 | D:4      | Reached skill level 3 in Ice Magic
  4793 | D:4      | Found a staircase to the Ecumenical Temple.
  4805 | Temple   | Entered the Ecumenical Temple
  4997 | Temple   | Became a worshipper of Cheibriados the Contemplative
  5124 | D:5      | Entered Level 5 of the Dungeon
  5152 | D:5      | Reached XP level 7. HP: 39/43 MP: 6/10
  5177 | D:5      | Reached skill level 4 in Transmutations
  5312 | D:5      | Noticed Blork the orc
  5327 | D:5      | Killed Blork the orc
  5399 | D:5      | Noticed Sigmund
  5407 | D:5      | Killed Sigmund
  5407 | D:5      | Reached skill level 4 in Ice Magic
  5653 | D:5      | HP: 20/51 [orc priest/divine providence (14)]
  5999 | D:5      | Reached skill level 6 in Unarmed Combat
  5999 | D:5      | Reached XP level 8. HP: 36/48 MP: 8/12
  6004 | D:5      | Reached * piety under Cheibriados
  6425 | D:6      | Reached skill level 3 in Spellcasting
  6569 | D:6      | HP: 21/48 [centaur/arrow (10)]
  6571 | D:6      | HP: 2/57 [centaur/arrow (16)]
  6572 | D:6      | Shot with an arrow by a centaur

Vanquished Creatures
  Sigmund (D:5)
  2 ogres
  A necrophage (D:6)
  Blork the orc (D:5)
  A bullfrog (D:6)
  A water moccasin skeleton (D:5)
  A howler monkey (D:4)
  A crimson imp (D:5)
  3 orc priests
  A bullfrog skeleton (D:4)
  An orc wizard (D:5)
  4 gnolls
  9 adders
  An ooze (D:2)
  2 adder skeletons (D:4)
  2 worms
  2 dart slugs
  3 leopard geckos
  17 orcs
  5 giant cockroaches
  19 goblins
  5 hobgoblins
  9 jackals
  A quokka (D:3)
  6 bats
  6 frilled lizards
  13 kobolds
  13 rats
131 creatures vanquished.

Table legend:
 A = Turns spent in this place as a percentage of turns spent in the entire game.
 B = Non-inter-level travel turns spent in this place as a percentage of non-inter-level travel turns spent in the entire game.
 C = Inter-level travel turns spent in this place as a percentage of turns spent in this place.
 D = Turns resting spent in this place as a percentage of non-inter-level travel turns spent in this place.
 E = Turns spent auto-exploring this place as a percentage of non-inter-level travel turns spent in this place.
 F = Non-inter-level travel turns spent in this place divided by the number of levels of this place that you've seen.
                   A       B       C       D       E      F
               +-------+-------+-------+-------+-------+----------------------
         Total | 100.0 | 100.0 |   3.8 |  34.7 |  49.9 | 903.1
       Dungeon |  96.3 |  96.9 |   3.1 |  35.8 |  48.4 | 1021.2
        Temple |   3.7 |   3.1 |  20.7 |   0.0 |  95.4 | 195.0
               +-------+-------+-------+-------+-------+----------------------
